 Dungeon Crawl Stone Soup version 0.30-a0-395-gfe72c296f8 (webtiles) character file.

Game seed: 8323238209616463242

262 barrythebear the Ruffian (level 5, -8/41 HPs)
             Began as a Draconian Transmuter on Dec 7, 2022.
             Was an Initiate of Ashenzari.
             Mangled by an ogre
             ... wielding a +0 giant spiked club
              (18 damage)
             ... on level 4 of the Dungeon.
             The game lasted 00:19:24 (2701 turns).

barrythebear the Ruffian (Draconian Transmuter)     Turns: 2701, Time: 00:19:25

Health: -8/41      AC:  6    Str: 17    XL:     5   Next: 97%
Magic:  8/9        EV: 12    Int: 17    God:    Ashenzari [......]
Gold:   154        SH:  0    Dex:  9    Spells: 6/9 levels left

rFire   . . .      SeeInvis .      - Unarmed
rCold   . . .      Faith    .    (no shield)
rNeg    . . .      Spirit   .    (body armour unavailable)
rPois   .          Reflect  .    (helmet currently unavailable)
rElec   .          Harm     .    n - +0 cloak
rCorr   .          Rampage  .    (no gloves)
Will    .....                    (boots currently unavailable)
Stlth   ++........               (no amulet)
HPRegen 0.26/turn                (no ring)
MPRegen 0.11/turn                (no ring)

@: appendages
A: talons 2, AC +5, unfitting armour, cold-blooded, horns 1, clever 1, strong 1
a: End Transformation, Renounce Religion, Curse Item


You were on level 4 of the Dungeon.
You worshipped Ashenzari.
Ashenzari was noncommittal.
You had temporarily grown beastly talons.
You visited 1 branch of the dungeon, and saw 4 of its levels.

You collected 154 gold pieces.

Inventory:

Missiles
 h - a throwing net
Armour
 n - a +0 cloak (worn)
Wands
 k - a wand of mindburst (4)
Scrolls
 c - a scroll of blinking
 f - a scroll of identify
 g - a scroll of amnesia
 m - 5 scrolls of vulnerability
Potions
 a - a potion of lignification


   Skills:
 * Level 2.2 Fighting
 + Level 2.2 Dodging
 * Level 1.6 Stealth
 + Level 4.6 Unarmed Combat
 + Level 2.8 Spellcasting
 * Level 3.3 Transmutations


You had 6 spell levels left.
You knew the following spells:

 Your Spells              Type           Power      Damage    Failure   Level
a - Beastly Appendage     Tmut           26%        N/A       4%          1
b - Wereblood             Tmut           13%        N/A       7%          2

Your spell library contained the following spells:

 Spells                   Type           Power      Damage    Failure   Level
 Necrotise                Necr           8%         1d4       19%         1
 Spider Form              Tmut/Pois      8%         N/A       26%         3
 Vampiric Draining        Necr           2%         2d6       47%         3
 Ice Form                 Ice/Tmut       8%         N/A       65%         4
 Alistair's Intoxication  Tmut/Pois      5%         N/A       94%         5
 Agony                    Necr           2%         N/A       99%         5
 Borgnjor's Vile Clutch   Necr/Erth      1%         N/A       99%         5
 Eringya's Noxious Bog    Tmut/Pois      4%         N/A       100%        6


Dungeon Overview and Level Annotations

Branches:
Dungeon (4/15)
 Temple: D:4-7

Altars:
Ashenzari

Shops:
D:2 *?


Innate Abilities, Weirdness & Mutations

You have temporarily grown beastly talons.
Your plain brown scales are hard. (AC +5)
You cannot fit into any form of body armour.
You are cold-blooded and may be slowed by cold attacks.
You have a pair of small horns on your head.
Your mind is acute. (Int +4, Str/Dex -1)
Your muscles are strong. (Str +4, Int/Dex -1)


Message History

The endoplasm hits you but does no damage.
You punch the endoplasm!
You kill the endoplasm!
You start resting.
HP restored.
You climb downwards.
There is a stone staircase leading up here.
Found a potion of lignification.
m - 5 scrolls of vulnerability (gained 3)
Found a stone staircase leading up.
You now have 154 gold pieces (gained 14).
An ogre comes into view. It is wielding a +0 giant spiked club.
The ogre shouts!
You see here a +6 ring of dexterity.
Casting: Beastly Appendage (safe; 4% risk of failure)
Confirm with . or Enter, or press ? or * to list all spells.
Your feet morph into talons.
The ogre hits you with a +0 giant spiked club!
You hit the ogre. You headbutt the ogre.
The ogre is moderately wounded.
You hit the ogre.
The ogre is moderately wounded.
The ogre hits you with a +0 giant spiked club!
* * * LOW HITPOINT WARNING * * *
You punch the ogre! Your kick misses the ogre.
The ogre is severely wounded.
You hit the ogre.
The ogre is severely wounded.
The ogre closely misses you.
You hit the ogre.
The ogre is almost dead.
The ogre closely misses you.
You barely miss the ogre. Your kick misses the ogre.
Your headbutt misses the ogre.
The ogre is almost dead.
You barely miss the ogre. Your kick misses the ogre.
You headbutt the ogre, but do no damage.
The ogre is almost dead.
The ogre hits you with a +0 giant spiked club!!
You die...

.. .##. .###... ......
#.........
....#####.........
##.#...............
######..................
........!...............
#O@=...........####
#..............#?=)
###..............#$)!
..............<...#g!?
....#..........#...####
....#..................
... #.<................
......................#
.....###.............


You could see an ogre.

Vanquished Creatures
  An ice beast (D:3)
  A scorpion (D:3)
  Jessica (D:2)
  An adder (D:2)
  3 orcs (D:3)
  5 ball pythons
  6 endoplasms
  2 giant cockroaches (D:1)
  11 goblins
  7 hobgoblins
  8 kobolds
  A quokka (D:1)
  7 bats
  4 frilled lizards
  5 rats
63 creatures vanquished.

Vanquished Creatures (others)
  A plant (D:2)
1 creature vanquished.

Grand Total: 64 creatures vanquished

Notes
Turn   | Place    | Note
-------+----------+-------------------------------------------
     0 | D:1      | barrythebear the Draconian Transmuter began the quest for
                  | the Orb.
     0 | D:1      | Reached XP level 1. HP: 16/16 MP: 3/3
    61 | D:1      | Found a faded altar of an unknown god.
    86 | D:1      | Reached XP level 2. HP: 23/23 MP: 3/5
   538 | D:1      | Reached XP level 3. HP: 24/28 MP: 6/6
   921 | D:1      | Gained mutation: You have a pair of small horns on your
                  | head. [potion of mutation]
   921 | D:1      | Gained mutation: Your muscles are strong. (Str +4, Int/Dex
                  | -1) [potion of mutation]
   921 | D:1      | Gained mutation: Your mind is acute. (Int +4, Str/Dex -1)
                  | [potion of mutation]
   971 | D:1      | Learned a level 2 spell: Wereblood
   972 | D:2      | Noticed Jessica
   979 | D:2      | Killed Jessica
   980 | D:2      | Reached skill level 4 in Unarmed Combat
  1098 | D:2      | Reached XP level 4. HP: 33/35 MP: 7/7
  1293 | D:2      | Found a broken altar of Ashenzari.
  1311 | D:2      | Became a worshipper of Ashenzari the Shackled
  1346 | D:2      | Found Otun's Magic Scroll Boutique.
  1734 | D:2      | Found Zofiovia's Assorted Antiques.
  1907 | D:3      | Noticed a scorpion
  1922 | D:3      | Killed a scorpion
  1923 | D:3      | Reached skill level 1 in Stealth
  1923 | D:3      | Reached XP level 5. HP: 26/41 MP: 8/8
  2406 | D:3      | Identified a scroll of acquirement
  2406 | D:3      | Acquired Great Wizards, Vol. II
  2511 | D:4      | Noticed an ice beast
  2533 | D:3      | Killed an ice beast
  2691 | D:4      | Noticed an ogre
  2701 | D:4      | Mangled by an ogre

Illustrated notes

Levels and vault maps discovered:
D:1:      nzn_arrival_water_spiral, layout_basic,
          dreamdust_ecumenical_altar_grove, grunt_decor_cap, minmay_tall_x
D:2:      layout_loops_ring, basic_altar, serial_shops, nicolae_lakefront_shop,
          shop_statue, serial_bayou_pond_c, uniq_jessica
D:3:      layout_rooms
D:4:      layout_rooms, nicolae_overflow_crystal_walls,
          mainiacjoe_overflow_swirl, due_unseen_surprise, uniq_pikel

Skill      XL: |  1  2  3  4  5 |
---------------+----------------+-----
Dodging        | 2 |  2.2
Unarmed Combat | 4 |  4.6
Stealth        | 1 |  1.6
Transmutations | 3 |  3.3
Fighting       | 2 |  2.2
Spellcasting   | |  2.8

Action                   |  1- 3 |  4- 6 || total
-------------------------+-------+-------++-------
Melee: Unarmed           |    81 |    84 ||   165
       Kick              |    11 |    13 ||    24
       Headbutt          |     9 |     9 ||    18
       Tailslap          |     3 |     7 ||    10
       Punch             |     2 |     3 ||     5
 Cast: Beastly Appendage |    16 |    11 ||    27
Evoke: Wand              |       |     1 ||     1
  Use: Potion            |     3 |     5 ||     8
       Scroll            |     2 |     5 ||     7
Armor: Skin              |    21 |    26 ||    47
Dodge: Dodged            |    34 |    56 ||    90

Table legend: (Time is in decaauts)
 A = Elapsed time spent in this place.
 B = Non-inter-level travel time spent in this place.
 C = Inter-level travel time spent in this place.
 D = Time resting spent in this place.
 E = Time spent auto-exploring this place.
 F = Levels seen in this place.
 G = Mean time per level.
                   A        B        C        D        E       F      G
               +--------+--------+--------+--------+--------+-----+--------+
         Total |   2714 |   2565 |    149 |    399 |   1564 |   4 |  678.5 |
       Dungeon |   2714 |   2565 |    149 |    399 |   1564 |   4 |  678.5 |
               +--------+--------+--------+--------+--------+-----+--------+

Top non-repeatable levels by time:
     D:1: 971 daAuts
     D:2: 922 daAuts
     D:3: 783 daAuts
     D:4: 36 daAuts
